 Dungeon Crawl Stone Soup version 0.21-a0-529-g8c7b3f5 (webtiles) character file.

78945 Ketzopolo the Grappler (level 15, -13/142 HPs)
             Began as a Troll Monk on Dec 10, 2017.
             Was a High Priest of Okawaru.
             Mangled by a very large slime creature (43 damage)
             ... on level 14 of the Dungeon on Dec 11, 2017.
             The game lasted 01:44:58 (24318 turns).

Ketzopolo the Grappler (Troll Monk)                Turns: 24318, Time: 01:44:58

Health: -13/142    AC: 18    Str: 26    XL:     15   Next: 19%
Magic:  14/17      EV: 10    Int:  7    God:    Okawaru [*****.]
Gold:   2054       SH:  0    Dex: 13    Spells: 14/14 levels left

rFire    + + +     SeeInvis +     - Unarmed
rCold    + . .     Gourm    +   (no shield)
rNeg     . . .     Faith    .   w - +4 fire dragon scales
rPois    .         Spirit   .   e - +1 hat {MR+}
rElec    .         Reflect  .   h - scarf {rC+ rF+}
rCorr    .         Harm     .   (gloves unavailable)
MR       ++...                  (boots unavailable)
Stlth    ..........             (no amulet)
HPRegen  0.73/turn              R - ring of protection from cold
MPRegen  0.15/turn              I - ring of see invisible

@: about to teleport
A: large, unfitting armour, claws 3, fast metabolism 3, frail 1, gourmand,
regeneration 1, shaggy fur 1, tough skin 2
a: Heroism, Finesse, Renounce Religion


You were on level 14 of the Dungeon.
You worshipped Okawaru.
Okawaru was extremely pleased with you.
You were completely stuffed.

You visited 4 branches of the dungeon, and saw 23 of its levels.
You also visited: Labyrinth.

You collected 2284 gold pieces.
You spent 230 gold pieces at shops.

Inventory:

Missiles
 a - 5 silver javelins
 G - 6 javelins of penetration
 H - 3 large rocks (quivered)
 O - 7 javelins
 W - 8 steel javelins
Armour
 e - a +1 hat of magic resistance (worn)
 f - the +0 hat "Hyijun" {+Blink}
   (Okawaru gifted it to you on level 2 of the Orcish Mines)

   It lets you blink.
 h - a scarf of resistance (worn)
 w - +4 fire dragon scales (worn)
Jewellery
 c - an uncursed ring of flight
 l - an uncursed ring of protection from fire
 C - an uncursed ring of resist corrosion
 I - a ring of see invisible (right claw)
 R - a ring of protection from cold (left claw)
Wands
 t - a wand of iceblast (24)
 v - a wand of scattershot (5)
 y - a wand of disintegration (22)
 D - a wand of clouds (9)
 K - a wand of enslavement (23)
 N - a wand of digging (9)
 T - a wand of acid (12)
Scrolls
 k - 7 scrolls of magic mapping
 m - a scroll of brand weapon
 n - 6 scrolls of remove curse
 o - a scroll of enchant weapon
 q - 2 scrolls of immolation
 s - 3 scrolls of fog
 u - 2 scrolls of identify
 A - 7 scrolls of teleportation
 B - a scroll of summoning
 P - a scroll of blinking
 S - 2 scrolls of amnesia
 U - 2 scrolls of fear
Potions
 d - 2 potions of mutation
 j - 3 potions of ambrosia
 p - 5 potions of curing
 x - 3 potions of haste
 z - a potion of might
 E - a potion of agility
 F - 2 potions of heal wounds
 J - 2 potions of berserk rage
 L - a potion of cancellation
 M - 2 potions of invisibility
 Q - a potion of flight
Comestibles
 b - 11 bread rations
 g - 9 meat rations
 i - 9 royal jellies
 r - 22 fruits
 V - 11 chunks of flesh


   Skills:
 * Level 12.9 Fighting
 * Level 12.1 Throwing
 + Level 7.9 Armour
 - Level 5.3 Dodging
 - Level 1.0 Stealth
 - Level 14.0 Unarmed Combat
 + Level 5.2 Invocations


You had 14 spell levels left.
You didn't know any spells.

Dungeon Overview and Level Annotations

Branches:
Dungeon (14/15)            Temple (1/1) D:7            Lair (6/6) D:8
  Swamp (0/4) Lair:4       Spider (0/4) Lair:4          Orc (2/2) D:11
    Elf (0/3) Orc:2        Vaults (0/5) D:14
  Slime: Lair:5-6

Altars:
Ashenzari
Cheibriados
Dithmenos
Elyvilon
Fedhas
Gozag
Hepliaklqana
Kikubaaqudgha
Makhleb
Nemelex Xobeh
Okawaru
Qazlal
Ru
Sif Muna
Trog
Uskayaw
Vehumet
Wu Jian
Xom
Yredelemnul
Zin
The Shining One
Beogh

Shops:
D:6 *   Orc:2 (:[*

Portals:
Bailey: D:12

Annotations:
D:5 1 transporter
Lair:6 exclusion: oklob plant


Innate Abilities, Weirdness & Mutations

You are too large for most types of armour.
You have claws for hands.
Your metabolism is lightning-fast.
You like to eat raw meat.
Your natural rate of healing is unusually fast.
You are covered in fur. (AC +1)
You have very tough skin. (AC +2)
You are frail. (-10% HP)


Message History

The yak is moderately wounded.
You mangle the yak!!
You kill the yak!
Okawaru accepts your kill.
Your claws slow down.
The very large slime creature hits you but does no damage.
Things that are here:
an arrow; a yak corpse; a human corpse You mangle the very large slime creature!!
The very large slime creature is lightly wounded.
The very large slime creature hits you!!!
* * * LOW HITPOINT WARNING * * *
Things that are here:
a runed halberd {god gift}; an arrow
Okay, then.
Okay, then.
As you read the scroll of teleportation, it crumbles to dust.
You feel strangely unstable.
The very large slime creature hits you!!!
You die...

..............#
#....#.###....#
##.#.#. ....#
#....#. #.###
###..###.#
#9HYpz...#
#.#p####.# #.#J#
#.#@# #.#.####.#
#.#####.#......#
#.........####.#
#######.### #.#
#######)# ###.#
........####...#
######.........#
#.###.....#


You could see a very large slime creature, a manticore, a yak and 2 humans.

Vanquished Creatures
  An orc warlord (Orc:2)
  A minotaur (Lab)
  2 hydras
  4 centaur warriors
  3 catoblepae (Lair:6)
  7 two-headed ogres
  Urug (Lair:5)
  6 orc high priests
  6 death yaks
  3 unseen horrors
  Pikel (D:6)
  A lindwurm (Lair:5)
  4 orc knights
  6 orc sorcerers
  2 cyclopes (D:13)
  2 manticores (Lair:6)
  The ghost of Typee the Chiller, a novice OpIE of Gozag (D:7)
  A torpor snail (Lair:4)
  A gargoyle (D:12)
  8 elephants
  9 spiny frogs
  2 rime drakes
  3 black mambas (Lair:5)
  2 komodo dragons (D:13)
  The ghost of Typee the Digger, a novice OpEE (D:6)
  6 trolls
  Grinder (D:5)
  5 dream sheep (Lair:5)
  A polar bear (Lair:1)
  The ghost of Charly the Chopper, an amateur DsBe of Trog (D:8)
  A hornet (D:14)
  19 blink frogs
  11 hippogriffs
  3 redbacks (Lair:4)
  A spriggan (Lair:1)
  A shadow (D:13)
  A vampire (D:11)
  Sigmund (D:2)
  70 yaks
  4 wyverns
  3 hungry ghosts
  3 basilisks
  10 humans (D:14)
  5 vampire mosquitoes
  Menkaure (D:6)
  A soldier ant (D:11)
  9 wargs
  6 insubstantial wisps (Lair:4)
  11 porcupines
  13 water moccasins
  2 slaves (D:6)
  45 orc warriors
  5 ice beasts
  A necrophage (D:8)
  3 phantoms
  3 sky beasts
  A black bear (D:6)
  11 ogres
  13 centaurs
  18 crocodiles
  5 big kobolds
  11 bullfrogs
  A wyvern skeleton (D:10)
  4 scorpions
  13 killer bees
  14 wights
  7 howler monkeys
  3 electric eels (Lair:1)
  4 crimson imps
  A bullfrog zombie (D:5)
  A centaur zombie (D:6)
  A jelly (D:9)
  2 quasits
  7 hounds
  2 bullfrog skeletons
  32 orc priests
  5 centaur skeletons
  34 orc wizards
  Jessica (D:2)
  4 iguanas
  Ijyb (D:3)
  8 worker ants
  A hound skeleton (D:5)
  Robin (D:2)
  3 gnolls (D:3)
  A howler monkey skeleton (D:5)
  15 adders
  2 shadow imps
  2 oozes (D:1)
  An adder zombie (D:5)
  An adder skeleton (D:7)
  3 worms
  2 dart slugs
  10 leopard geckos
  126 orcs
  3 ball pythons
  3 giant cockroaches
  14 goblins
  6 hobgoblins
  7 jackals
  39 kobolds
  3 quokkas
  6 bats
  3 frilled lizards
  A leopard gecko skeleton (D:8)
  A quokka zombie (D:6)
  7 rats
  A plant (Lair:6)
791 creatures vanquished.

Vanquished Creatures (collateral kills)
  A blink frog (Lair:4)
1 creature vanquished.

Vanquished Creatures (others)
  A human (D:14)
  A slave (D:6)
  3 orcs (D:6)
  A jackal skeleton (D:6)
  17 fungi
  12 plants
35 creatures vanquished.

Grand Total: 827 creatures vanquished

Notes
Turn   | Place    | Note
-------+----------+-------------------------------------------
     0 | D:1      | Ketzopolo the Troll Monk began the quest for the Orb.
     0 | D:1      | Reached XP level 1. HP: 22/22 MP: 0/0
    66 | D:1      | Reached XP level 2. HP: 29/29 MP: 1/1
   180 | D:1      | Reached skill level 4 in Unarmed Combat
   237 | D:1      | Reached XP level 3. HP: 36/36 MP: 2/2
   886 | D:2      | Noticed Robin
   899 | D:2      | Noticed Jessica
   906 | D:2      | Killed Jessica
   906 | D:2      | Reached skill level 5 in Unarmed Combat
   906 | D:2      | Reached XP level 4. HP: 19/44 MP: 3/3
   923 | D:2      | HP: 2/44 [Robin/spear (2)]
   927 | D:2      | Killed Robin
  1169 | D:2      | Noticed Sigmund
  1179 | D:2      | Killed Sigmund
  1179 | D:2      | Reached skill level 6 in Unarmed Combat
  1179 | D:2      | Reached XP level 5. HP: 40/50 MP: 4/4
  2028 | D:2      | Reached XP level 6. HP: 49/59 MP: 5/5
  2212 | D:3      | Found a shadowy altar of Dithmenos.
  2532 | D:3      | Reached skill level 7 in Unarmed Combat
  2665 | D:3      | Noticed Ijyb
  2680 | D:3      | Killed Ijyb
  2743 | D:3      | Reached XP level 7. HP: 67/67 MP: 6/6
  2798 | D:3      | Found a hide-covered altar of Uskayaw.
  3146 | D:4      | Reached skill level 8 in Unarmed Combat
  3398 | D:5      | Entered Level 5 of the Dungeon
  3443 | D:5      | Found a transporter.
  3555 | D:5      | Found a transporter.
  3556 | D:5      | Noticed a fire bat
  3665 | D:5      | Noticed Grinder
  3667 | D:5      | Paralysed by Grinder for 4 turns
  3695 | D:4      | Reached skill level 9 in Unarmed Combat
  3769 | D:5      | Reached XP level 8. HP: 49/75 MP: 7/7
  3776 | D:5      | Killed Grinder
  3776 | D:5      | Reached skill level 10 in Unarmed Combat
  3846 | D:5      | Found an ancient bone altar of Kikubaaqudgha.
  4193 | D:6      | Noticed Pikel
  4199 | D:6      | Noticed Typee's ghost (novice OpEE)
  4206 | D:6      | Killed Typee's ghost
  4206 | D:6      | Reached skill level 11 in Unarmed Combat
  4218 | D:6      | Killed Pikel
  4218 | D:6      | Reached XP level 9. HP: 37/83 MP: 8/8
  4405 | D:6      | Reached skill level 12 in Unarmed Combat
  4552 | D:6      | Found Momofiq's Assorted Antiques.
  4557 | D:6      | Bought a scroll of identify for 46 gold pieces
  4557 | D:6      | Bought a scroll of teleportation for 69 gold pieces
  4557 | D:6      | Bought a diamond ring for 115 gold pieces
  4840 | D:6      | Found a glowing silver altar of Zin.
  4841 | D:6      | Noticed an angel
  4871 | D:6      | Noticed Menkaure
  4877 | D:6      | Killed Menkaure
  4931 | D:6      | Reached skill level 13 in Unarmed Combat
  5050 | D:6      | Found a snail-covered altar of Cheibriados.
  5434 | D:7      | Found a staircase to the Ecumenical Temple.
  5439 | Temple   | Entered the Ecumenical Temple
  5500 | Temple   | Became a worshipper of Warmaster Okawaru
  5500 | Temple   | Reached * piety under Okawaru
  5500 | Temple   | Reached ** piety under Okawaru
  5676 | D:7      | Noticed Typee's ghost (novice OpIE)
  5692 | D:7      | Killed Typee's ghost
  5692 | D:7      | Reached skill level 1 in Throwing
  5743 | D:7      | Reached XP level 10. HP: 79/91 MP: 9/9
  5964 | D:7      | Found a hazy altar of Hepliaklqana.
  6828 | D:8      | Noticed Charly's ghost (amateur DsBe)
  6840 | D:7      | Reached *** piety under Okawaru
  7037 | D:8      | Found a staircase to the Lair.
  7118 | D:8      | Killed Charly's ghost
  7118 | D:8      | Reached skill level 14 in Unarmed Combat
  7363 | D:8      | Found an ornate altar of the Wu Jian Council.
  7646 | D:9      | Received a gift from Okawaru
  7662 | D:9      | Reached skill level 1 in Invocations
  8230 | D:9      | Reached **** piety under Okawaru
  8525 | D:9      | Reached skill level 5 in Fighting
  8680 | D:9      | Received a gift from Okawaru
  8744 | D:9      | Found a radiant altar of Vehumet.
  8744 | D:9      | Found a sparkling altar of Nemelex Xobeh.
  8752 | D:9      | Found a faded altar of an unknown god.
  8754 | D:9      | Found an ancient bone altar of Kikubaaqudgha.
  8756 | D:9      | Found a sacrificial altar of Ru.
  9064 | D:10     | Entered Level 10 of the Dungeon
  9204 | D:10     | Reached XP level 11. HP: 101/104 MP: 12/12
  9383 | D:10     | Noticed an unseen horror
  9389 | D:10     | Killed an unseen horror
  9504 | D:10     | Noticed a two-headed ogre
  9517 | D:10     | Killed a two-headed ogre
  9517 | D:10     | Reached ***** piety under Okawaru
  9662 | D:10     | Noticed a two-headed ogre
  9670 | D:10     | Killed a two-headed ogre
  9750 | D:10     | Noticed a two-headed ogre
  9760 | D:10     | Killed a two-headed ogre
  9990 | D:10     | Got an encrusted cloak
 10118 | D:10     | Reached skill level 5 in Dodging
 10222 | D:10     | Noticed a two-headed ogre
 10227 | D:10     | Killed a two-headed ogre
 10227 | D:10     | Received a gift from Okawaru
 10295 | Lair:1   | Entered Level 1 of the Lair of Beasts
 10320 | Lair:1   | Found a labyrinth entrance.
 10348 | Lab      | Entered a labyrinth
 10630 | Lab      | Noticed a minotaur
 10638 | Lab      | Killed a minotaur
 10638 | Lab      | Reached skill level 5 in Throwing
 11041 | Lair:1   | Reached skill level 1 in Armour
 11055 | Lair:1   | Received a gift from Okawaru
 11827 | Lair:2   | Reached XP level 12. HP: 82/119 MP: 14/14
 13975 | Lair:4   | You fall through a shaft for 2 floors!
 13975 | Lair:6   | Entered Level 6 of the Lair of Beasts
 13980 | Lair:6   | Noticed a five-headed hydra
 14469 | Lair:4   | Reached ****** piety under Okawaru
 14469 | Lair:4   | Received a gift from Okawaru
 14495 | Lair:4   | Identified a scroll of acquirement
 14498 | Lair:4   | Got a translucent large shield
 14504 | Lair:4   | Identified the +0 large shield of Narcissism {*Slow Int+6} (You acquired it on level 4 of the Lair of Beasts)
 14645 | Lair:4   | Found a staircase to the Swamp.
 14811 | Lair:4   | Found a hole to the Spider Nest.
 14821 | Lair:4   | Noticed a death yak
 14823 | Lair:4   | Noticed a death yak
 14827 | Lair:4   | Killed a death yak
 14827 | Lair:4   | Reached skill level 10 in Fighting
 14827 | Lair:4   | Reached XP level 13. HP: 107/133 MP: 12/15
 15048 | Lair:4   | Reached skill level 5 in Armour
 15412 | Lair:5   | Noticed Urug
 15424 | Lair:5   | Killed Urug
 15603 | Lair:5   | Received a gift from Okawaru
 15784 | Lair:5   | Found the +7 longbow "Piercer" {penet, EV-2}
 16391 | Lair:5   | Received a gift from Okawaru
 17444 | Lair:6   | Received a gift from Okawaru
 17595 | Lair:6   | Reached skill level 10 in Throwing
 17624 | Lair:6   | Reached XP level 14. HP: 31/146 MP: 11/16
 19076 | D:11     | Found a staircase to the Orcish Mines.
 19447 | Orc:1    | Entered Level 1 of the Orcish Mines
 19685 | Orc:1    | Received a gift from Okawaru
 20051 | Orc:1    | Found a roughly hewn altar of Beogh.
 20146 | Orc:2    | Entered Level 2 of the Orcish Mines
 20579 | Orc:2    | Found a staircase to the Elven Halls.
 20641 | Orc:2    | Noticed an orc warlord
 20673 | Orc:2    | Killed an orc warlord
 21319 | Orc:2    | Paralysed by an orc sorcerer for 3 turns
 21526 | Orc:2    | Received a gift from Okawaru
 21583 | Orc:2    | Got a distressingly furry hat {god gift}
 21601 | Orc:2    | Identified the +0 hat "Hyijun" {+Blink} (Okawaru gifted it to you on level 2 of the Orcish Mines)
 21642 | Orc:2    | Gained mutation: You are frail. (-10% HP) [a neqoxec]
 21963 | Orc:2    | Found Girphoucw's Antique Armour Shop.
 21964 | Orc:2    | Found Xuili's Antique Weapon Boutique.
 21965 | Orc:2    | Found Puivyj's General Store.
 21965 | Orc:2    | Found Lourudos's Book Shop.
 22783 | D:12     | Found a flagged portal.
 23980 | D:14     | Found a gate to the Vaults.
 24001 | D:14     | Reached XP level 15. HP: 128/142 MP: 14/17
 24217 | D:14     | Reached skill level 5 in Invocations
 24234 | D:14     | Received a gift from Okawaru
 24293 | D:14     | Received a gift from Okawaru
 24318 | D:14     | Mangled by a very large slime creature

Vault maps used:
D:1:      dpeg_arrival_arbitrary_c
D:2:      grunt_ministairs_11, lexackson_kobold_supper, uniq_robin,
          uniq_jessica, uniq_sigmund
D:3:      nicolae_overflow_crystal_walls, eat_drink_and_be_merry_uskayaw,
          uniq_ijyb
D:5:      gammafunk_cloud_chamber, first_bread, lemuel_tele_altar, uniq_grinder
D:6:      zin_angel, kennysheep_mini, serial_shops, kennysheep_little_box,
          uniq_menkaure, uniq_pikel
D:7:      minmay_temple_entry_statues_pillars, basic_altar
D:8:      lemuel_round_altar, erik_lair_orcish_takeover
D:9:      chequers_temple_overflow_minitemple, special_room
D:11:     minmay_orc_entry_guard_dogs, glass_columns_b
D:12:     enter_bailey_2
D:14:     gammafunk_sealed_arena, david_vaults_3, grunt_decor_mini_mirrors,
          hangedman_stone_soup, nzn_random_ring
Temple:   dshaligram_water_room_temple
Lair:1:   lab_entry_generic, grunt_forest_large_clearing_hut,
          serial_bayou_shore_a, infiniplex_staircase_pool
Lair:2:   st_stairs_10, beast_lair_carwin_2, infiniplex_staircase_pool_2
Lair:3:   serial_bayou_pond_d, lemuel_fruit_fields, lemuel_fruit_fields
Lair:4:   minmay_swamp_entry_wisps, spider_nest_entry_webs, grunt_megastairs_3
Lair:5:   uniq_urug
Lair:6:   evilmike_catoblepas_cave, minmay_slime_entry_oklob_enclosed, pond
Orc:1:    mines2_david
Orc:2:    st_orc_congregation
Lab:      labyrinth_spiral

Skill      XL: |  1  2  3  4  5  6  7  8  9 10 11 12 13 14 15 |
---------------+----------------------------------------------+-----
Unarmed Combat | 4 5 6 7 9 11 13 14 | 14.0
Fighting       | 3 5 7 10 11 12 | 12.9
Throwing       | 1 3 5 7 10 11 12 | 12.1
Dodging        | 4 5 |  5.3
Invocations    | 3 4 5 |  5.2
Armour         | 2 4 6 7 |  7.9
Stealth        | |  1.0

Action                   |  1- 3 |  4- 6 |  7- 9 | 10-12 | 13-15 || total
-------------------------+-------+-------+-------+-------+-------++-------
Melee: Unarmed           |    79 |   135 |   298 |   741 |  1083 ||  2336
       Punch             |     1 |     5 |    16 |    58 |    92 ||   172
Throw: Stone             |       |    10 |     4 |       |       ||    14
       Javelin           |       |       |       |    12 |    46 ||    58
       Large rock        |       |       |       |       |     4 ||     4
Invok: Heroism           |       |       |       |    11 |    11 ||    22
       Finesse           |       |       |       |     3 |     5 ||     8
Evoke: Wand              |       |       |       |     3 |       ||     3
  Use: Scroll            |       |     2 |     7 |    19 |     7 ||    35
       Potion            |       |     1 |     4 |     8 |     4 ||    17
 Stab: Sleeping          |     4 |     2 |     3 |     4 |       ||    13
       Distracted        |       |       |       |     1 |       ||     1
       Invisible         |       |       |       |     1 |       ||     1
  Eat: Chunk             |    12 |    19 |    27 |    90 |    94 ||   242
Armor: Robe              |    28 |    38 |    78 |    92 |       ||   236
       Fire dragon scale |       |       |       |   177 |   515 ||   692
       Skin              |       |       |       |     1 |       ||     1
Dodge: Dodged            |    55 |    50 |   116 |   356 |   492 ||  1069

Table legend:
 A = Spawn XP
 B = Non-spawn XP
 C = Spawn XP percentage of total XP
 D = Spawn monster count
 E = Non-spawn monster count
 F = Spawn count percentage of total count
 G = Total turns spent on level
                    A         B        C        D         E        F      G
               +---------+---------+-------+---------+---------+-------+---------
         Total |       0 |  112779 |   0.0 |       0 |     789 |   0.0 | 24318
               +---------+---------+-------+---------+---------+-------+---------
           D:1 |       0 |      57 |   0.0 |       0 |      25 |   0.0 |   628
           D:2 |       0 |     327 |   0.0 |       0 |      34 |   0.0 |  1552
           D:3 |       0 |     364 |   0.0 |       0 |      26 |   0.0 |   744
           D:4 |       0 |     284 |   0.0 |       0 |      18 |   0.0 |   537
           D:5 |       0 |     939 |   0.0 |       0 |      20 |   0.0 |   733
           D:6 |       0 |    2675 |   0.0 |       0 |      38 |   0.0 |  1153
           D:7 |       0 |    2127 |   0.0 |       0 |      41 |   0.0 |  1438
           D:8 |       0 |    1472 |   0.0 |       0 |      29 |   0.0 |   679
           D:9 |       0 |    2391 |   0.0 |       0 |      54 |   0.0 |  1747
          D:10 |       0 |    6296 |   0.0 |       0 |      43 |   0.0 |  1003
          D:11 |       0 |    7730 |   0.0 |       0 |      60 |   0.0 |  1078
          D:12 |       0 |    4478 |   0.0 |       0 |      21 |   0.0 |   459
          D:13 |       0 |    4854 |   0.0 |       0 |      35 |   0.0 |  1050
          D:14 |       0 |   10089 |   0.0 |       0 |      32 |   0.0 |   325
        Lair:1 |       0 |    3125 |   0.0 |       0 |      17 |   0.0 |   953
        Lair:2 |       0 |    6375 |   0.0 |       0 |      33 |   0.0 |  1330
        Lair:3 |       0 |    2407 |   0.0 |       0 |      14 |   0.0 |   950
        Lair:4 |       0 |    8004 |   0.0 |       0 |      32 |   0.0 |  1024
        Lair:5 |       0 |   12347 |   0.0 |       0 |      39 |   0.0 |  1625
        Lair:6 |       0 |   17325 |   0.0 |       0 |      51 |   0.0 |  1819
         Orc:1 |       0 |    3831 |   0.0 |       0 |      29 |   0.0 |  1448
         Orc:2 |       0 |   14197 |   0.0 |       0 |      97 |   0.0 |  1422
           Lab |       0 |    1085 |   0.0 |       0 |       1 |   0.0 |   481
               +---------+---------+-------+---------+---------+-------+---------
